 Dungeon Crawl Stone Soup version 0.30.0-10-gfe55d96785 (webtiles) character file.

Game seed: 8838412730925552304

70 qw the Chopper (level 4, 0/28 HPs)
             Began as a Gargoyle Cinder Acolyte on May 17, 2023.
             Was a High Priest of Ignis.
             Slain by a hobgoblin (2 damage)
             ... on level 2 of the Dungeon.
             The game lasted 00:00:23 (750 turns).

qw the Chopper (Gargoyle Cinder Acolyte)             Turns: 750, Time: 00:00:24

Health: 0/28       AC: 13    Str: 20    XL:     4   Next: 21%
Magic:  5/5        EV: 11    Int: 14    God:    Ignis [*****.]
Gold:   135        SH:  0    Dex:  5    Spells: 5/5 levels left

rFire   + . .        Y - -1 hand axe (flame)
rCold   . . .        (no shield)
rNeg    + . .        b - +0 robe
rPois   inf          (no helmet)
rElec   +            f - +0 cloak
rCorr   .            (no gloves)
SInv    .            (no boots)
Will    .....        (no amulet)
Stlth   +            (no ring)
HPRegen 0.24/turn    (no ring)
MPRegen 0.09/turn

%: no passive effects
@: fiery-armoured
A: sickness immunity, AC +3, negative energy resistance 1, electricity
resistance, torment resistance 1, petrification resistance
a: Renounce Religion, Fiery Armour, Foxfire Swarm, Rising Flame


You were on level 2 of the Dungeon.
You worshipped Ignis.
Ignis was extremely pleased with you.
You visited 1 branch of the dungeon, and saw 2 of its levels.

You collected 135 gold pieces.


Innate Abilities, Weirdness & Mutations

You are immune to sickness and miasma.
Your stone body is resilient. (AC +3)
You are immune to poison.
You resist negative energy. (rN+)
You are resistant to electric shocks. (rElec)
You are resistant to unholy torment.
You are immune to petrification.


   Skills:
 - Level 3.2 Fighting
 + Level 4.5 Axes
 - Level 1.0 Spellcasting
 - Level 3.0 Fire Magic


You had 5 spell levels left.
You didn't know any spells.
Your spell library contained the following spells:

 Spells                   Type           Power      Damage    Failure   Level
 Scorch                   Fire           18%        2d6       12%         2

Inventory:

Hand Weapons
 Y - a -1 hand axe of flaming (weapon)
Armour
 b - a +0 robe (worn)
 f - a +0 cloak (worn)
Scrolls
 a - a scroll of identify
Potions
 c - a potion of cancellation
 h - a potion of attraction {unknown}

Dungeon Overview and Level Annotations

Branches:
Dungeon (2/15)

Altars:


Message History

The gnoll hits you with a +0 whip.
The gnoll is burned by your cloak of flames.
The gnoll is severely wounded.
A gnoll comes into view. It is wielding a +0 halberd.
You hit the gnoll. You burn the gnoll.
You kill the gnoll!
You have reached level 4!
You feel stronger.
A hobgoblin and 2 gnolls come into view.
The hobgoblin shouts!
The gnoll shouts! x2
The gnoll hits you but does no damage.
A rat comes into view.
The gnoll barely misses you.
Items here: % ))).
The gnoll hits you but does no damage.
The gnoll is burned by your cloak of flames.
The gnoll is lightly wounded.
The gnoll hits you but does no damage.
The gnoll is burned by your cloak of flames.
The gnoll is heavily wounded.
You closely miss the gnoll.
The gnoll is heavily wounded.
You hit the gnoll but do no damage. The gnoll hits you with a +0 spear.
The gnoll is burned by your cloak of flames.
You kill the gnoll!
The gnoll misses you.
You hit the gnoll but do no damage.
The gnoll is lightly wounded.
You barely miss the hobgoblin. The hobgoblin closely misses you.
You hit the gnoll. You burn the gnoll.
The gnoll is heavily wounded.
You closely miss the hobgoblin. The hobgoblin misses you.
The gnoll barely misses you.
You hit the gnoll. You burn the gnoll.
The gnoll is severely wounded.
You hit the gnoll but do no damage. You hit the hobgoblin.
You burn the hobgoblin. The hobgoblin hits you.
You die...

# . #........ # .........
#.. #........ #..
.##........ #.#
.##........ #.#
########.##g.r..... #.#
..##.....##gg...... #.#
#.##.....##@g......
#.####.##.....##)#######
..............##......##.
#.####.##....##..........
#....)...########.)...###
#...#.##.## #.....#
#.#.#.##..#######.....#
#.#.#.###.......%.....#
#.#.#.# ##.......######


You could see 3 gnolls, a hobgoblin and a rat.

Vanquished Creatures
  5 gnolls (D:2)
  2 dart slugs
  A giant cockroach (D:2)
  A hobgoblin (D:1)
  2 jackals (D:1)
  4 quokkas (D:1)
  2 ball pythons
  A bat (D:1)
  2 kobolds (D:1)
  A rat (D:1)
21 creatures vanquished.

Notes
Turn   | Place    | Note
-------+----------+-------------------------------------------
     0 | D:1      | qw the Gargoyle Cinder Acolyte began the quest for the Orb.
     0 | D:1      | Reached XP level 1. HP: 14/14 MP: 2/2
     0 | D:1      | 0 ||| qw: Version: 0.2-a-95-g816fdde
     0 | D:1      | 0 ||| qw: Game counter: 78
     0 | D:1      | 0 ||| qw: Always use a shield: true
     0 | D:1      | 0 ||| qw: God list: Okawaru
     0 | D:1      | 0 ||| qw: Allow faded altars: false
     0 | D:1      | 0 ||| qw: Do Orc after D:15 true
     0 | D:1      | 0 ||| qw: Do second Lair branch before Depths: true
     0 | D:1      | 0 ||| qw: Lair rune preference: random
     0 | D:1      | 0 ||| qw: Plans: Normal
     0 | D:1      | 0 ||| PLANNING D:1-11
   231 | D:1      | Reached skill level 3 in Axes
   291 | D:1      | 291 ||| Stepping ~*~*~tactically~*~*~ (hiding).
   301 | D:1      | Reached XP level 2. HP: 19/19 MP: 3/3
   317 | D:1      | Found a faded altar of an unknown god.
   568 | D:1      | 568 ||| Stepping ~*~*~tactically~*~*~ (stealth).
   584 | D:1      | 584 ||| Stepping ~*~*~tactically~*~*~ (stealth).
   631 | D:1      | 631 ||| UPGRADING to +0 cloak.
   636 | D:1      | 636 ||| READING 3 scrolls labelled JAFAIPS JAJUPS.
   637 | D:1      | 637 ||| READING scroll labelled ULIMIWA NORHU.
   647 | D:1      | 647 ||| READING scroll labelled ZAXAHU AWIE.
   648 | D:1      | 648 ||| READING scroll labelled UGEMYI CUCOG.
   649 | D:1      | 649 ||| READING scroll labelled TAROYF ZEUKH.
   650 | D:1      | 650 ||| READING 2 scrolls of identify.
   650 | D:1      | 650 ||| IDENTIFYING inky potion
   728 | D:2      | 728 ||| INVOKING Fiery Armour.
   730 | D:2      | Reached XP level 3. HP: 6/23 MP: 4/4
   736 | D:2      | Reached skill level 4 in Axes
   743 | D:2      | HP: 4/23 [gnoll/+0 whip (4)]
   745 | D:2      | Reached XP level 4. HP: 6/28 MP: 5/5
   747 | D:2      | HP: 1/28 [gnoll/+0 spear (5)]
   750 | D:2      | Slain by a hobgoblin

Levels and vault maps discovered:
D:1:      lemuel_arrival_river_passageway, layout_basic,
          hellmonk_ecumenical_altar_arch_garden, minmay_pentomino_v4
D:2:      layout_basic

Skill      XL: |  1  2  3 |
---------------+----------+-----
Axes           | 3 4 |  4.5
Fighting       | |  3.2
Spellcasting   | |  1.0
Fire Magic     | |  3.0

Action                     |  1- 3 |  4- 6 || total
---------------------------+-------+-------++-------
  Melee: Hand axe          |    61 |     4 ||    65
 Invoke: Fiery Armour      |     1 |       ||     1
    Use: Scroll            |     6 |       ||     6
 Armour: Robe              |    15 |     3 ||    18
  Dodge: Dodged            |    34 |     5 ||    39

Table legend:
 A = Non-vault XP
 B = Vault XP
 C = Vault XP percentage of total XP
 D = Non-vault monster count
 E = Vault monster count
 F = Vault count percentage of total count
                 A         B        C        D         E       F
            +---------+---------+-------+---------+---------+-------
      Total |      94 |       6 |   6.0 |      18 |       3 |  14.3
            +---------+---------+-------+---------+---------+-------
        D:1 |      18 |       6 |  25.0 |      10 |       3 |  23.1
        D:2 |      76 |       0 |   0.0 |       8 |       0 |   0.0
            +---------+---------+-------+---------+---------+-------
